AoeStats
← AxingQuestions

Fortress

509153510Analyzed
4v4 RM · 5d ago on Sep 25, 2026· 88m 9s· 8 players
Game mode
Random Map
Map size
Huge
Population
200
Speed
Normal
Resources
Standard
Victory
Conquest
Starting age
Dark Age
Ending age
Imperial Age
RankedLock teamsTeams togetherTeam positionsShared explorationLock speedFull tech treeHidden civsTurbo modeCheats
Victory
Defeat
🇺🇸 Italians · United States
1258
+13
🇬🇧 Goths · United Kingdom
1234
+14
🇺🇸 Vikings · United States
1212
+15
🇺🇸 Khmer · United States
1130
+17
🇫🇷 Persians · France
1268
-19
🇨🇳 Spanish · China
1210
-16
🇫🇷 Italians · France
1122
-12
🇨🇳 Mongols · China
1118
-12
slimsadie1831
8:10 Feudal Age
11:49 Castle Age
10:14 Double-Bit Axe
10:21 Horse Collar
22:06 Scale Barding Armor
22:12 Forging
22:53 Bloodlines
23:48 Heavy Plow
24:41 Chain Barding Armor
27:52 Imperial Age
25:32 Scale Mail Armor
26:29 Chain Mail Armor
26:50 Iron Casting
26:30 Pikeman
28:51 Wheelbarrow
28:29 Bow Saw
28:23 Gold Mining
28:03 Halberdier
29:50 Blast Furnace
30:10 Crop Rotation
31:27 Heavy Scorpion
34:31 Loom
37:04 Ballistics
37:46 Chemistry
36:57 Arson
38:59 Double Crossbow
39:20 Conscription
40:35 Plate Barding Armor
41:20 Hand Cart
45:54 Fletching
51:37 Bodkin Arrow
53:35 Bracer
60:13 Caravan
60:30 Man-at-Arms
62:25 Capped Ram
64:24 Siege Ram
71:05 Murder Holes
87:43 Cavalier
88:24 Husbandry
SlickPup7427097
7:53 Feudal Age
14:22 Castle Age
12:29 Fletching
12:35 Double-Bit Axe
12:41 Gold Mining
12:57 Padded Archer Armor
12:51 Horse Collar
15:03 Bodkin Arrow
16:27 Leather Archer Armor
18:08 Wheelbarrow
17:21 Loom
21:33 Ballistics
26:14 Imperial Age
25:25 Scale Mail Armor
25:20 Treadmill Crane
27:59 Chemistry
28:05 Bow Saw
28:57 Conscription
29:54 Bracer
29:25 Elite Skirmisher
30:20 Murder Holes
30:51 Hand Cart
33:04 Ring Archer Armor
32:28 Elite Genoese Crossbowman
38:40 Thumb Ring
39:17 Forging
39:23 Chain Mail Armor
48:46 Pikeman
56:42 Caravan
60:16 Squires
62:38 Plate Mail Armor
62:44 Iron Casting
67:28 Arson
75:14 Man-at-Arms
75:48 Crossbowman
76:58 Arbalester
86:12 Blast Furnace
85:41 Town Watch
86:13 Scale Barding Armor
88:18 Pirotechnia
88:48 Hoardings
88:55 Masonry
88:31 Arrowslits
Calum1Ltv
7:24 Feudal Age
11:21 Castle Age
9:35 Double-Bit Axe
11:50 Scale Mail Armor
12:50 Bow Saw
13:09 Loom
17:01 Forging
20:25 Wheelbarrow
21:11 Gold Mining
26:35 Hand Cart
26:18 Pikeman
26:59 Squires
27:16 Chain Mail Armor
30:39 Imperial Age
28:38 Fletching
30:35 Iron Casting
32:32 Blast Furnace
32:34 Bodkin Arrow
35:14 Bracer
35:51 Conscription
34:56 Halberdier
37:40 Caravan
45:42 Coinage
48:52 Anarchy
50:02 Banking
48:56 Elite Huskarl
53:24 Murder Holes
54:29 Chemistry
57:51 Capped Ram
62:50 Banking
66:11 Padded Archer Armor
67:29 Onager
81:46 Guilds
81:39 Treadmill Crane
82:09 Masonry
AxingQuestions
7:04 Feudal Age
7:26 Loom
11:30 Castle Age
9:25 Double-Bit Axe
10:24 Horse Collar
13:01 Bow Saw
13:57 Heavy Plow
19:00 Town Watch
19:20 Gold Mining
19:20 Stone Mining
20:08 Town Patrol
21:07 Squires
20:53 Arson
21:16 Scale Mail Armor
22:29 Gold Shaft Mining
23:20 Forging
23:27 Chain Mail Armor
23:36 Fortified Wall
23:22 Murder Holes
24:31 Treadmill Crane
25:05 Masonry
27:27 Imperial Age
27:12 Iron Casting
26:31 Fletching
26:52 Elite Skirmisher
27:28 Elite Varangian Guard
29:09 Plate Mail Armor
29:43 Blast Furnace
29:50 Conscription
29:21 Onager
31:03 Bodkin Arrow
33:00 Two-Man Saw
33:25 Crop Rotation
33:34 Padded Archer Armor
33:43 Bracer
38:32 Chieftains
39:09 Hoardings
39:14 Capped Ram
40:05 Siege Ram
41:50 Caravan
45:19 Pikeman
46:36 Leather Archer Armor
47:13 Architecture
51:52 Ballistics
57:28 Ring Archer Armor
Sahraoui
7:47 Feudal Age
11:48 Castle Age
10:27 Double-Bit Axe
11:48 Wheelbarrow
11:03 Loom
11:17 Horse Collar
13:13 Bow Saw
23:34 Heavy Plow
23:30 Gold Mining
23:33 Stone Mining
24:01 Hand Cart
26:46 Imperial Age
24:03 Town Watch
24:47 Husbandry
25:07 Forging
25:02 Scale Barding Armor
25:10 Bloodlines
26:13 Gold Shaft Mining
26:16 Stone Shaft Mining
27:40 Iron Casting
27:27 Chain Barding Armor
26:58 Elite War Elephant
27:59 Conscription
28:44 Plate Barding Armor
29:56 Blast Furnace
28:53 Light Cavalry
35:59 Kamandaran
38:16 Fletching
38:26 Padded Archer Armor
38:37 Padded Archer Armor
39:12 Thumb Ring
38:30 Crossbowman
39:46 Ballistics
40:26 Chemistry
41:06 Chemistry
40:45 Hoardings
40:23 Masonry
40:09 Murder Holes
47:42 Cavalier
49:38 Savar
50:55 Architecture
52:40 Bodkin Arrow
53:08 Leather Archer Armor
64:33 Hussar
66:01 Ring Archer Armor
65:33 Scale Mail Armor
tretts
8:06 Feudal Age
12:15 Castle Age
10:26 Fletching
10:40 Padded Archer Armor
10:43 Double-Bit Axe
10:39 Horse Collar
18:14 Bow Saw
21:11 Imperial Age
23:43 Chemistry
24:12 Ballistics
24:52 Gold Mining
25:20 Leather Archer Armor
27:36 Pirotechnia
38:01 Silk Road
37:43 Caravan
38:31 Crossbowman
41:28 Thumb Ring
43:54 Arbalester
45:28 Bodkin Arrow
49:29 Bracer
52:33 Two-Man Saw
57:25 Light Cavalry
58:19 Bloodlines
58:10 Husbandry
59:08 Hussar
60:16 Forging
60:13 Scale Barding Armor
60:30 Conscription
60:14 Heavy Plow
60:53 Wheelbarrow
帝国浪子
7:16 Feudal Age
7:54 Double-Bit Axe
15:47 Castle Age
13:44 Stone Mining
13:35 Horse Collar
15:13 Gold Mining
16:07 Loom
19:27 Bloodlines
19:28 Scale Barding Armor
24:17 Forging
26:18 Wheelbarrow
27:04 Bow Saw
27:38 Fletching
27:48 Padded Archer Armor
30:38 Gold Shaft Mining
34:33 Imperial Age
32:23 Hand Cart
33:11 Bodkin Arrow
33:31 Leather Archer Armor
35:37 Conscription
35:21 Heavy Plow
37:31 Chemistry
36:55 Ballistics
37:37 Drill
37:44 Husbandry
37:07 Elite Steppe Lancer
38:33 Nomads
39:24 Chain Barding Armor
39:39 Iron Casting
39:30 Light Cavalry
40:43 Bracer
42:37 Blast Furnace
42:57 Hoardings
44:16 Hussar
48:00 Hoardings
49:21 Caravan
48:57 Onager
51:18 Heavy Scorpion
51:19 Capped Ram
52:32 Siege Ram
75:06 Siege Engineers
我很牛逼
7:36 Loom
9:22 Feudal Age
13:33 Castle Age
11:26 Double-Bit Axe
11:40 Horse Collar
25:28 Wheelbarrow
26:07 Scale Barding Armor
26:12 Forging
26:08 Scale Barding Armor
28:01 Forging
28:11 Chain Barding Armor
28:44 Husbandry
28:55 Bloodlines
29:24 Iron Casting
33:32 Imperial Age
32:10 Heavy Plow
32:23 Bow Saw
33:06 Chain Barding Armor
33:40 Cavalier
35:24 Blast Furnace
34:59 Plate Barding Armor
35:24 Blast Furnace
34:59 Plate Barding Armor
34:47 Conscription
35:40 Chemistry
35:39 Paladin
36:49 Caravan
37:45 Bombard Tower
37:42 Fortified Wall
38:01 Light Cavalry
38:43 Murder Holes
38:59 Masonry
40:30 Two-Man Saw
39:14 Hussar
41:07 Paladin
42:49 Hand Cart
43:01 Scale Mail Armor
47:19 Padded Archer Armor
47:13 Fletching
47:03 Elite Skirmisher
47:49 Thumb Ring
47:54 Bodkin Arrow
48:17 Leather Archer Armor
49:49 Bracer
50:21 Ring Archer Armor
50:13 Ballistics
59:32 Town Watch
70:44 Chain Mail Armor
70:26 Pikeman
71:55 Plate Mail Armor
71:38 Arson
71:55 Squires
71:40 Gambesons
71:17 Halberdier
Connection lost

Rejoining the realm…

Still unreachable

The connection could not be restored.

Session expired

The server has moved on; the page needs a fresh start.